 Dungeon Crawl Stone Soup version 0.32-a0-953-g508020473e (webtiles) character file.

Game seed: 14636588150570482696

48 elagabalus the Gusty (level 3, -7/31 HPs)
             Began as an Oni Air Elementalist on Apr 16, 2024.
             Was an Initiate of Sif Muna.
             Mangled by Crazy Yiuf
             ... wielding a +2 quarterstaff of chaos
              (11 damage)
             ... on level 2 of the Dungeon.
             The game lasted 00:11:52 (994 turns).

elagabalus the Gusty (Oni Air Elementalist)          Turns: 994, Time: 00:11:54

Health: -7/31      AC:  4    Str: 12    XL:     3   Next: 72%
Magic:  3/7        EV:  8    Int: 24    God:    Sif Muna [......]
Gold:   182        SH:  0    Dex:  9    Spells: 2/8 levels left

rFire   . . .        i - +0 hammer
rCold   . . .        (no shield)
rNeg    . . .        a - +0 robe
rPois   .            (helmet restricted)
rElec   .            d - +0 cloak
rCorr   .            (gloves unavailable)
SInv    .            (boots unavailable)
Will    .....        (no amulet)
Stlth   +            f - +6 ring of intelligence
HPRegen 0.25/turn    (no ring)
MPRegen 0.10/turn

%: no passive effects
@: lethally poisoned (-7 -> -9)
A: large, unfitting armour, horns 1, tough skin 1, double potion healing,
drunken brawling
a: Renounce Religion


You were on level 2 of the Dungeon.
You worshipped Sif Muna.
Sif Muna was noncommittal.
You visited 1 branch of the dungeon, and saw 2 of its levels.

You collected 182 gold pieces.

Inventory:

Hand Weapons
 i - a +0 hammer (weapon)
Armour
 a - a +0 robe (worn)
 d - a +0 cloak (worn)
Jewellery
 f - a +6 ring of intelligence (left hand)
Scrolls
 g - a scroll of silence {unknown}
Potions
 b - a potion of magic
 e - a potion of brilliance
 h - a potion of attraction {unknown}


   Skills:
 - Level 1.7 Dodging
 - Level 1.4 Stealth
 - Level 3.1 Spellcasting
 - Level 1.0 Conjurations
 * Level 3.4 Air Magic
 - Level 1.2 Alchemy


You had 2 spell levels left.
You knew the following spells:

 Your Spells              Type           Power      Damage    Failure   Level
a - Shock                 Conj/Air       56%        1d6       4%          1
b - Mercury Vapours       Alch/Air       28%        N/A       6%          2
c - Swiftness             Air            20%        N/A       8%          3

Your spell library contained the following spells:

 Spells                   Type           Power      Damage    Failure   Level
 Static Discharge         Conj/Air       28%        3-5/arc   6%          2
 Mephitic Cloud           Conj/Alch/Air  12%        N/A       14%         3
 Airstrike                Air            10%        2d(2-18)  26%         4
 Call Canine Familiar     Summ           3%         N/A       32%         3
 Sigil of Binding         Hex            3%         N/A       32%         3
 Tukima's Dance           Hex            3%         N/A       32%         3
 Dimensional Bullseye     Hex/Tloc       1%         N/A       71%         4
 Passage of Golubria      Tloc           3%         N/A       71%         4
 Freezing Cloud           Conj/Ice/Air   5%         6-21      85%         5
 Yara's Violent Unravell  Hex/Alch       3%         3d4       93%         5


Dungeon Overview and Level Annotations

Branches:
Dungeon (2/15)

Altars:
Sif Muna

Annotations:
D:2 Crazy Yiuf


Innate Abilities, Weirdness & Mutations

You are too large for most types of armour.
You have a pair of small horns on your head.
You have tough skin. (AC +1)
You gain doubled healing and magic from potions.
Whenever you drink a healing potion, you attack all around you.


Message History

You see here a +0 hammer.
You see here a +0 hammer.
You see here a +0 hammer.
You see here a +0 hammer.
You open the door.
Crazy Yiuf cries, "Leather turtle illywillydillykilly!"
Aiming: Mercury Vapours (safe; 6% risk of failure)
Press: ? - help, Q - select action, (/) - cycle Dir - move target, f - Crazy Yiuf
Aim: Crazy Yiuf, wielding a +2 quarterstaff of chaos and wearing a +0 cloak (chance to weaken: 100%) Fumes of mercury billow around Crazy Yiuf!
Crazy Yiuf is poisoned.
Crazy Yiuf looks weaker.
Crazy Yiuf says, "Prologue!
Rot infinity Hive."
Crazy Yiuf hits you with a +2 quarterstaff of chaos!
You are poisoned.
You feel very sick.
You see here a +0 hammer.
You feel very sick.
You see here a +0 hammer.
You feel very sick.
You see here a +0 hammer.
You feel sick.
You see here a +0 hammer.
You feel sick.
You see here a +0 club.
Aiming: Mercury Vapours (safe; 6% risk of failure)
Press: ? - help, Q - select action, (/) - cycle Dir - move target, f/p - Crazy Yiuf
Aim: Crazy Yiuf, wielding a +2 quarterstaff of chaos and wearing a +0 cloak (moderately wounded, poisoned, chance to weaken: 100%) Fumes of mercury billow around Crazy Yiuf!
Crazy Yiuf looks even sicker.
Crazy Yiuf looks weaker.
You feel sick.
Crazy Yiuf whimpers, "Rot!
Castle ladder childish."
You hit Crazy Yiuf but do no damage.
Crazy Yiuf is moderately wounded.
You feel sick.
Crazy Yiuf hits you with a +2 quarterstaff of chaos.
* * * LOW HITPOINT WARNING * * *
Crazy Yiuf hits you with a +2 quarterstaff of chaos!
You die...

### ♣♣####
#)))#♣♣ ♣♣P.#.##
#.))'.♣♣♣♣@P....#
#
#)))#♣g)♣gPP....#
#### ###
♣♣♣)♣)..#..# ...#
♣♣♣♣♣##.#######
##.# #........
##.# ###
##........ #.#
#.# #.########
##.## #.# #.#
#.#.## #.# #.#


You could see Crazy Yiuf (very poisoned, weak).

Vanquished Creatures
  2 dart slugs (D:1)
  A ribbon worm (D:2)
  A bat (D:1)
  2 endoplasms (D:1)
  4 giant cockroaches
  3 goblins (D:1)
  4 hobgoblins
  3 jackals (D:2)
  3 quokkas
  3 ball pythons
  A frilled lizard (D:1)
  2 kobolds
  9 rats (D:1)
38 creatures vanquished.

Notes
Turn   | Place    | Note
-------+----------+-------------------------------------------
     0 | D:1      | elagabalus the Oni Air Elementalist began the quest for the
                  | Orb.
     0 | D:1      | Reached XP level 1. HP: 16/16 MP: 3/3
    72 | D:1      | Reached skill level 1 in Conjurations
   151 | D:1      | Reached XP level 2. HP: 24/24 MP: 0/5
   253 | D:1      | Learned a level 2 spell: Mercury Vapours
   384 | D:1      | Reached skill level 1 in Alchemy
   398 | D:1      | Reached XP level 3. HP: 30/31 MP: 0/6
   431 | D:1      | Learned a level 3 spell: Swiftness
   530 | D:1      | Noticed a great orb of eyes
   532 | D:1      | Found a faded altar of an unknown god.
   534 | D:1      | Noticed a glass eye
   544 | D:1      | Noticed a golden eye
   544 | D:1      | Noticed a shining eye
   790 | D:2      | Found a shimmering blue altar of Sif Muna.
   810 | D:2      | Became a worshipper of Sif Muna the Loreminder
   969 | D:2      | Found a runed translucent door.
   970 | D:2      | Noticed Crazy Yiuf
   994 | D:2      | Mangled by Crazy Yiuf

Illustrated notes

Levels and vault maps discovered:
D:1:      psy_arrival_conway, layout_rooms,
          hellmonk_ecumenical_altar_watching_god, solitary_fountain,
          minmay_rat_gold_closets
D:2:      layout_loops_ring, basic_altar, minmay_octomino_c4,
          uniq_crazy_yiuf_cottage

Skill      XL: |  1  2  3 |
---------------+----------+-----
Conjurations   | 1 |  1.0
Air Magic      | 3 |  3.4
Alchemy        | 1 |  1.2
Spellcasting   | 3 |  3.1
Dodging        | |  1.7
Stealth        | |  1.4

Action                     || total
---------------------------++-------
  Melee: Unarmed           ||     1
         Club              ||    59
         Headbutt          ||     6
         Mace              ||     1
   Cast: Shock             ||    16
         Mercury Vapours   ||    26
    Use: Scroll            ||     2
   Stab: Sleeping          ||     2
 Armour: Robe              ||    52
  Dodge: Dodged            ||    51

Table legend: (Time is in decaauts)
 A = Elapsed time spent in this place.
 B = Non-inter-level travel time spent in this place.
 C = Inter-level travel time spent in this place.
 D = Time resting spent in this place.
 E = Time spent auto-exploring this place.
 F = Levels seen in this place.
 G = Mean time per level.
                   A        B        C        D        E       F      G
               +--------+--------+--------+--------+--------+-----+--------+
         Total |   1010 |   1010 |      0 |      0 |      0 |   2 |  505.0 |
       Dungeon |   1010 |   1010 |      0 |      0 |      0 |   2 |  505.0 |
               +--------+--------+--------+--------+--------+-----+--------+

Top non-repeatable levels by time:
     D:1: 692 daAuts
     D:2: 317 daAuts
